noty, neutral male scurrid Tourist ----- -...| |...| ...`| |.@Z| |.Z.| -.-.- noty the Rambler Experience level: 1 Strength: 13 Dexterity: 12 Constitution: 14 Intelligence: 13 Wisdom: 8 Charisma: 15 Health: 0(9) Energy: 2(2) Def: 0 Gold: 898 Moves: 29 Dungeon seed: 21NxYqZeHflmSGH6 Game ID: noty_1498608002 Your Inventory: Coins $ - 898 gold pieces Weapons a - 53 blessed +2 darts (in quiver) Armor e - an uncursed +0 Hawaiian shirt (being worn) Comestibles b - an uncursed pit viper egg c - an uncursed chestnut d - an uncursed orange f - an uncursed tin of kobold meat g - an uncursed fortune cookie h - 3 uncursed food rations i - 3 uncursed tripe rations j - an uncursed apple Scrolls m - 4 uncursed scrolls of magic mapping Potions k - an uncursed potion of extra healing l - a blessed potion of extra healing Wands p - an uncursed wand of secret door detection (0:11) Tools n - an uncursed expensive camera (0:71) o - an uncursed credit card q - an uncursed tin opener Spells and supernatural/magical abilities: Name Level Category Fail Memory W - pray for help -- divine ? -- Your skills at the end: Miscellaneous Skills wands [Basic] Weapon Skills dart [Basic] Spellcasting Skills Final Attributes: You were devoutly aligned. You had infravision. You were very stealthy. You are dead. Voluntary challenges: You went without food. You did not adorn yourself with jewelry or accessories. You did not cause conflict. You were not invisible. You did not have reflection. You were not displaced. You were an atheist. You never hit with a wielded weapon. You were a pacifist. You did not use tools. You did not use plumbed fixtures. You did not drink any magical draughts. You were illiterate. You never genocided any monsters. You never polymorphed an object. You never changed form. You used no wishes. You never split a pudding. You never wrote Elbereth's name. You never violated your personal moral code. Dungeon overview: The Dungeons of Doom: levels 1 to 12 Level 1 a long staircase Level 2 a long staircase Level 3 a general store Level 4 Level 5 Level 6 Level 7 a fountain Level 8 Level 9 Level 10 Level 11 Level 12 <- You were here History has recorded: On T:1 you entered the Dungeons of Doom to retrieve the Amulet of Yendor! On T:5 you reached level 2 of The Dungeons of Doom. On T:7 you reached level 3 of The Dungeons of Doom. On T:10 you reached level 4 of The Dungeons of Doom. On T:12 you reached level 5 of The Dungeons of Doom. On T:14 you reached level 6 of The Dungeons of Doom. On T:16 you reached level 7 of The Dungeons of Doom. On T:19 you reached level 8 of The Dungeons of Doom. On T:21 you reached level 9 of The Dungeons of Doom. On T:23 you reached level 10 of The Dungeons of Doom. On T:27 you reached level 11 of The Dungeons of Doom. On T:29 you reached level 12 of The Dungeons of Doom. Score breakdown: Gold: 0 ( 0 points) Experience: 1 level ( 0 points) Exploration: 12 levels ( 330 points) Discoveries: 0 items ( 0 points) Variety of kills: 0 monsters ( 0 points) Major goal: (nothing yet) ( 0 points) Survival: died (score multiplied by 3) Total score: 990 Latest messages: You dig a hole through the floor. You fall through... That command is only available in debug mode. You have no weapon equipped. You start digging downward. You continue digging downward. You dig a pit in the floor. You continue digging downward. You dig a hole through the floor. You fall through... You start digging downward. You continue digging downward. You dig a pit in the floor. You continue digging downward. You dig a hole through the floor. You fall through... You receive a faint telepathic message from Twoflower: Your help is urgently needed at Ankh-Morpork! Look for a ...ic transporter. You couldn't quite make out that last message. The elf zombie scratches you! You die... Final status: Aloha noty the Tourist, killed by an elf zombie... You died in The Dungeons of Doom on dungeon level 12 with 990 points, and 898 pieces of gold, after 29 moves. You were level 1 with a maximum of 9 hit points when you died.